3R
BOMPTON BABY LAKERS @ TWINSBURG TIGERS
06/04/2038
 
TOP OF THE 1ST
Bompton Baby Lakers batting - Pitching for Twinsburg Tigers : RHP Wilson Alindogan
Pitching: RHP Wilson Alindogan
Batting: RHB Steffen Schulte 0-0: Ball
1-0: Fly out, F4 (Line Drive, 4, EV 65.6 MPH)
Batting: LHB Ben Chell 0-0: Foul Ball, location: 2F
0-1: Foul Ball, location: 2F
0-2: Ball
1-2: Ball
2-2: Foul Ball, location: 2F
2-2: Foul Ball, location: 2F
2-2: Strikes out swinging
Batting: RHB Aaron Tuttle 0-0: Called Strike
0-1: Foul Ball, location: 2F
0-2: Ball
1-2: Foul Ball, location: 2F
1-2: Strikes out looking
Top of the 1st over - 0 runs, 0 hits, 0 errors, 0 left on base; Bompton 0 - Twinsburg 0
BOTTOM OF THE 1ST
Twinsburg Tigers batting - Pitching for Bompton Baby Lakers : RHP Chun-mei Bao
Pitching: RHP Chun-mei Bao
Batting: RHB Sadiya Seth 0-0: Called Strike
0-1: Ball
1-1: Ball
2-1: Called Strike
2-2: Foul Ball, location: 2F
2-2: Ground out 6-3 (Groundball, 6M, EV 88.1 MPH)
Batting: RHB Charlie Cummings 0-0: Called Strike
0-1: Hit by Pitch
Batting: LHB Keaton Kringlen 0-0: Ball
1-0: Ball
2-0: Fly out, F8 (Flyball, 8LS, EV 86.2 MPH)
Batting: RHB Axel Ruschmeyer 0-0: Foul Ball, location: 2F
0-1: Ball
1-1: Foul Ball, location: 2F
1-2: Foul Ball, location: 2F
1-2: Foul Ball, location: 2F
1-2: Fly out, F8 (Line Drive, 8RD, EV 103.8 MPH)
Bottom of the 1st over - 0 runs, 0 hits, 0 errors, 1 left on base; Bompton 0 - Twinsburg 0
TOP OF THE 2ND
Bompton Baby Lakers batting - Pitching for Twinsburg Tigers : RHP Wilson Alindogan
Batting: RHB Rick Pawlowicz 0-0: Ball
1-0: Ball
2-0: Foul Ball, location: 2F
2-1: Foul Ball, location: 2F
2-2: Strikes out swinging
Batting: RHB Ken Gil 0-0: Called Strike
0-1: Ball
1-1: Ball
2-1: Ball
3-1: Foul Ball, location: 2F
3-2: Foul Ball, location: 2F
3-2: Foul Ball, location: 2F
3-2: Strikes out looking
Batting: RHB Denny Wolfe 0-0: Ground out 6-3 (Groundball, 6, EV 84.4 MPH)
Top of the 2nd over - 0 runs, 0 hits, 0 errors, 0 left on base; Bompton 0 - Twinsburg 0
BOTTOM OF THE 2ND
Twinsburg Tigers batting - Pitching for Bompton Baby Lakers : RHP Chun-mei Bao
Batting: LHB Bobby O'Kennedy 0-0: Ball
1-0: Called Strike
1-1: Fly out, F9 (Flyball, 9D, EV 95.6 MPH)
Batting: RHB Raffaello Dichio 0-0: Ball
1-0: Foul Ball, location: 2F
1-1: Ball
2-1: Called Strike
2-2: Hit by Pitch
Batting: RHB Jeff Camp 0-0: Ball
1-0: DOUBLE (Flyball, 8LXD, EV 115.6 MPH)
Raffaello Dichio to third
Runner from 3rd tries for Home, SAFE, throw by CF to home
Batting: RHB Harold Dansey 0-0: Foul Ball, location: 2F
0-1: Ground out 4-3 (Groundball, 4, EV 80.0 MPH)
Jeff Camp to third
Batting: RHB Brian Myers 0-0: Ball
1-0: Called Strike
1-1: Foul Ball, location: 2F
1-2: Ball
2-2: Strikes out swinging
Bottom of the 2nd over - 1 run, 1 hit, 0 errors, 1 left on base; Bompton 0 - Twinsburg 1
TOP OF THE 3RD
Bompton Baby Lakers batting - Pitching for Twinsburg Tigers : RHP Wilson Alindogan
Batting: LHB Dan Knight 0-0: Called Strike
0-1: Foul Ball, location: 2F
0-2: Ball
1-2: Strikes out swinging
Batting: LHB Jon Kelly 0-0: Ball
1-0: Foul Ball, location: 2F
1-1: Ball
2-1: Swinging Strike
2-2: Strikes out swinging
Batting: RHB Jason Portillo 0-0: Called Strike
0-1: Ball
1-1: Called Strike
1-2: Ball
2-2: Strikes out swinging
Top of the 3rd over - 0 runs, 0 hits, 0 errors, 0 left on base; Bompton 0 - Twinsburg 1
BOTTOM OF THE 3RD
Twinsburg Tigers batting - Pitching for Bompton Baby Lakers : RHP Chun-mei Bao
Batting: RHB Sadiya Seth 0-0: Ball
1-0: Foul Ball, location: 2F
1-1: Ball
2-1: Fly out, F3 (Popup, 3SF, EV 80.0 MPH)
Batting: RHB Charlie Cummings 0-0: Called Strike
0-1: Ball
1-1: Ball
2-1: Ball
3-1: Foul Ball, location: 2F
3-2: Base on Balls
Batting: LHB Keaton Kringlen 0-0: Foul Ball, location: 2F
0-1: SINGLE (Groundball, 34D, EV 100.6 MPH)
Charlie Cummings to second
Runner from 2nd tries for 3rd, SAFE, throw by RF made to third
Batting: RHB Axel Ruschmeyer 0-0: Ball
1-0: Ball
2-0: Foul Ball, location: 2F
2-1: Called Strike
2-2: Ball
3-2: Foul Ball, location: 2F
3-2: Fly out, F9 (Flyball, 89D, EV 88.8 MPH)
Runner from 3rd tags up, SCORES, throw by RF
Batting: LHB Bobby O'Kennedy 0-0: Called Strike
0-1: Swinging Strike
0-2: Strikes out looking
Bottom of the 3rd over - 1 run, 1 hit, 0 errors, 1 left on base; Bompton 0 - Twinsburg 2
TOP OF THE 4TH
Bompton Baby Lakers batting - Pitching for Twinsburg Tigers : RHP Wilson Alindogan
Batting: RHB Steffen Schulte 0-0: Called Strike
0-1: Foul Ball, location: 2F
0-2: Ball
1-2: Ball
2-2: Foul Ball, location: 2F
2-2: Ball
3-2: Strikes out swinging
Batting: LHB Ben Chell 0-0: Called Strike
0-1: Foul Ball, location: 2F
0-2: Strikes out looking
Batting: RHB Aaron Tuttle 0-0: Ball
1-0: Foul Ball, location: 2F
1-1: Foul Ball, location: 2F
1-2: Foul Ball, location: 2F
1-2: Ball
2-2: Reached on error, E3 (Groundball, 34, EV 88.1 MPH)
Batting: RHB Rick Pawlowicz 0-0: Ball
1-0: Called Strike
1-1: Ball
2-1: Foul Ball, location: 2F
2-2: Ball
3-2: Base on Balls
Batting: RHB Ken Gil 0-0: Ball
1-0: Called Strike
1-1: Called Strike
1-2: Strikes out swinging
Top of the 4th over - 0 runs, 0 hits, 1 error, 2 left on base; Bompton 0 - Twinsburg 2
BOTTOM OF THE 4TH
Twinsburg Tigers batting - Pitching for Bompton Baby Lakers : RHP Chun-mei Bao
Batting: RHB Raffaello Dichio 0-0: SINGLE (Line Drive, 9S, EV 93.8 MPH)
Batting: RHB Jeff Camp 0-0: Ball
1-0: Ball
2-0: Called Strike
2-1: Ball
3-1: Foul Ball, location: 2F
3-2: Strikes out looking
Batting: RHB Harold Dansey 0-0: Fly out, F9 (Line Drive, 9, EV 110.0 MPH)
Batting: RHB Brian Myers 0-0: Swinging Strike
0-1: Swinging Strike
0-2: Foul Ball, location: 2F
0-2: Ball
1-2: SINGLE (Line Drive, 8LS, EV 100.0 MPH)
Raffaello Dichio to second
Runner from 2nd tries for 3rd, SAFE, throw by CF made to third
Batting: RHB Sadiya Seth 0-0: Ball
1-0: Ball
2-0: Hit by Pitch
Brian Myers to second
Batting: RHB Charlie Cummings 0-0: Ball
1-0: Called Strike
1-1: SINGLE (Line Drive, 78M, EV 83.1 MPH)
Raffaello Dichio scores
Brian Myers to third
Sadiya Seth to second
Runner from 3rd tries for Home, SAFE, no throw by LF
Batting: LHB Keaton Kringlen 0-0: Ball
1-0: Foul Ball, location: 2F
1-1: Ball
2-1: Ball
3-1: Swinging Strike
3-2: Ground out 5-3 (Groundball, 56, EV 80.6 MPH)
Bottom of the 4th over - 2 runs, 3 hits, 0 errors, 2 left on base; Bompton 0 - Twinsburg 4
TOP OF THE 5TH
Bompton Baby Lakers batting - Pitching for Twinsburg Tigers : RHP Wilson Alindogan
Batting: RHB Denny Wolfe 0-0: Called Strike
0-1: Foul Ball, location: 2F
0-2: Strikes out swinging
Batting: LHB Dan Knight 0-0: Ball
1-0: Ball
2-0: Called Strike
2-1: Foul Ball, location: 2F
2-2: Ball
3-2: Strikes out swinging
Batting: LHB Jon Kelly 0-0: Called Strike
0-1: Ball
1-1: Called Strike
1-2: Strikes out looking
Top of the 5th over - 0 runs, 0 hits, 0 errors, 0 left on base; Bompton 0 - Twinsburg 4
BOTTOM OF THE 5TH
Twinsburg Tigers batting - Pitching for Bompton Baby Lakers : RHP Chun-mei Bao
Batting: RHB Axel Ruschmeyer 0-0: Called Strike
0-1: Foul Ball, location: 2F
0-2: Ball
1-2: Strikes out swinging
Batting: LHB Bobby O'Kennedy 0-0: Foul Ball, location: 2F
0-1: Ball
1-1: Ground out U3 (Groundball, 3, EV 85.6 MPH)
Batting: RHB Raffaello Dichio 0-0: Ball
1-0: Called Strike
1-1: SINGLE (Groundball, 56D, EV 94.4 MPH)
Batting: RHB Jeff Camp 0-0: Called Strike
0-1: Swinging Strike
0-2: Strikes out swinging
Bottom of the 5th over - 0 runs, 1 hit, 0 errors, 1 left on base; Bompton 0 - Twinsburg 4
TOP OF THE 6TH
Bompton Baby Lakers batting - Pitching for Twinsburg Tigers : RHP Wilson Alindogan
Batting: RHB Jason Portillo 0-0: Ball
1-0: Ground out 6-3 (Groundball, 6, EV 77.5 MPH)
Batting: RHB Steffen Schulte 0-0: Swinging Strike
0-1: Fly out, F7 (Line Drive, 7, EV 101.2 MPH)
Batting: LHB Ben Chell 0-0: Ball
1-0: Ball
2-0: Swinging Strike
2-1: Swinging Strike
2-2: Strikes out swinging
Top of the 6th over - 0 runs, 0 hits, 0 errors, 0 left on base; Bompton 0 - Twinsburg 4
BOTTOM OF THE 6TH
Twinsburg Tigers batting - Pitching for Bompton Baby Lakers : RHP Chun-mei Bao
Batting: RHB Harold Dansey 0-0: Ball
1-0: Ball
2-0: Swinging Strike
2-1: Foul Ball, location: 2F
2-2: Strikes out swinging
Batting: RHB Brian Myers 0-0: Ball
1-0: Called Strike
1-1: Foul Ball, location: 2F
1-2: Strikes out swinging
Batting: RHB Sadiya Seth 0-0: Foul Ball, location: 2F
0-1: Swinging Strike
0-2: Ball
1-2: Strikes out swinging
Bottom of the 6th over - 0 runs, 0 hits, 0 errors, 0 left on base; Bompton 0 - Twinsburg 4
TOP OF THE 7TH
Bompton Baby Lakers batting - Pitching for Twinsburg Tigers : RHP Wilson Alindogan
Now at 1B: Sam Hamilton
Batting: RHB Aaron Tuttle 0-0: Swinging Strike
0-1: Ball
1-1: Ball
2-1: Swinging Strike
2-2: Strikes out swinging
Batting: RHB Rick Pawlowicz 0-0: Foul Ball, location: 2F
0-1: Ball
1-1: Swinging Strike
1-2: Ball
2-2: Fly out, F9 (Flyball, 9LDF, EV 106.9 MPH)
Batting: RHB Ken Gil 0-0: Called Strike
0-1: Called Strike
0-2: Ball
1-2: Ball
2-2: Strikes out looking
Top of the 7th over - 0 runs, 0 hits, 0 errors, 0 left on base; Bompton 0 - Twinsburg 4
BOTTOM OF THE 7TH
Twinsburg Tigers batting - Pitching for Bompton Baby Lakers : RHP Chun-mei Bao
Pitching: RHP Yong-jun Yi
Batting: RHB Charlie Cummings 0-0: Ball
1-0: Swinging Strike
1-1: Ball
2-1: Swinging Strike
2-2: Foul Ball, location: 2F
2-2: Foul Ball, location: 2F
2-2: Foul Ball, location: 2F
2-2: Strikes out swinging
Batting: LHB Keaton Kringlen 0-0: Ball
1-0: Called Strike
1-1: Foul Ball, location: 2F
1-2: Strikes out swinging
Batting: RHB Axel Ruschmeyer 0-0: Called Strike
0-1: Swinging Strike
0-2: Strikes out looking
Bottom of the 7th over - 0 runs, 0 hits, 0 errors, 0 left on base; Bompton 0 - Twinsburg 4
TOP OF THE 8TH
Bompton Baby Lakers batting - Pitching for Twinsburg Tigers : RHP Wilson Alindogan
Batting: RHB Denny Wolfe 0-0: Ball
1-0: Called Strike
1-1: Foul Ball, location: 2F
1-2: Ball
2-2: Fly out, F9 (Flyball, 9, EV 95.6 MPH)
Batting: LHB Dan Knight 0-0: Foul Ball, location: 2F
0-1: Ball
1-1: Ball
2-1: Foul Ball, location: 2F
2-2: Foul Ball, location: 2F
2-2: Ball
3-2: Fly out, F7 (Flyball, 78D, EV 98.8 MPH)
Batting: LHB Jon Kelly 0-0: Ball
1-0: Swinging Strike
1-1: Swinging Strike
1-2: Foul Ball, location: 2F
1-2: Foul Ball, location: 2F
1-2: Foul Ball, location: 2F
1-2: Strikes out swinging
Top of the 8th over - 0 runs, 0 hits, 0 errors, 0 left on base; Bompton 0 - Twinsburg 4
BOTTOM OF THE 8TH
Twinsburg Tigers batting - Pitching for Bompton Baby Lakers : RHP Yong-jun Yi
Batting: LHB Bobby O'Kennedy 0-0: Ball
1-0: Ball
2-0: Called Strike
2-1: Foul Ball, location: 2F
2-2: Ground out 6-3 (Groundball, 6MS, EV 85.6 MPH)
Now at 2B: Jonathan Winston
Batting: RHB Raffaello Dichio 0-0: Called Strike
0-1: Foul Ball, location: 2F
0-2: Foul Ball, location: 2F
0-2: Ball
1-2: SINGLE (Flyball, 7S, EV 98.1 MPH)
Batting: RHB Jeff Camp 0-0: Ball
1-0: Ball
2-0: Foul Ball, location: 2F
2-1: Foul Ball, location: 2F
2-2: Strikes out swinging
Batting: RHB Harold Dansey 0-0: Called Strike
0-1: Ball
1-1: Fielders Choice at 2nd, 5-4 (Groundball, 56, EV 77.5 MPH)
Bottom of the 8th over - 0 runs, 1 hit, 0 errors, 1 left on base; Bompton 0 - Twinsburg 4
TOP OF THE 9TH
Bompton Baby Lakers batting - Pitching for Twinsburg Tigers : RHP Wilson Alindogan
Batting: RHB Jason Portillo 0-0: Called Strike
0-1: Called Strike
0-2: Ball
1-2: Ball
2-2: Ball
3-2: Ground out 5-3 (Groundball, 5L, EV 106.9 MPH)
Batting: RHB Steffen Schulte 0-0: Called Strike
0-1: Ball
1-1: SINGLE (Groundball, 56D, EV 97.5 MPH)
Pitching: LHP Jack Young
Batting: LHB Ben Chell 0-0: Called Strike
0-1: Foul Ball, location: 2F
0-2: Strikes out swinging
Batting: RHB Aaron Tuttle 0-0: Swinging Strike
0-1: Swinging Strike
0-2: Ball
1-2: Strikes out swinging
Top of the 9th over - 0 runs, 1 hit, 0 errors, 1 left on base; Bompton 0 - Twinsburg 4
Friday, April 17th, 2020 - OOTP Baseball 20.8 Build 74